 Dungeon Crawl Stone Soup version 0.28-a0-479-g5baa6b73be (webtiles) character file.

Game seed: 3028186560261984354

966 mg7810 the Slasher (level 7, 0/55 HPs)
             Began as a Demonspawn Monk on Sept 17, 2021.
             Slain by an ogre (19 damage)
             ... on level 5 of the Dungeon.
             The game lasted 00:12:14 (4146 turns).

mg7810 the Slasher (Demonspawn Monk)                Turns: 4146, Time: 00:12:15

Health: 0/55       AC: 13    Str: 13    XL:     7   Next: 93%
Magic:  7/7        EV:  7    Int: 12    God:
Gold:   200        SH:  0    Dex: 15    Spells: 6/6 levels left

rFire   . . .      SeeInvis .   a - +0 falchion
rCold   . . .      Faith    .   (no shield)
rNeg    . . .      Spirit   .   s - +0 chain mail
rPois   .          Reflect  .   c - +0 helmet
rElec   .          Harm     .   f - scarf {shadows}
rCorr   .          Rampage  .   y - +0 pair of gloves
Will    +....                   (no boots)
Stlth   ..........              n - amulet of regeneration
HPRegen 1.18/turn               o - ring of willpower
MPRegen 0.10/turn               m - ring of flight

@: flying
A: hooves 2, slimy green scales 1
a: no special abilities


You were on level 5 of the Dungeon.
You visited 2 branches of the dungeon, and saw 7 of its levels.

You collected 200 gold pieces.

Inventory:

Hand Weapons
 a - a +0 falchion (weapon)
Missiles
 l - 16 poisoned darts
 p - 5 boomerangs (quivered)
Armour
 c - a +0 helmet (worn)
 f - a scarf of shadows (worn)
 s - a +0 chain mail (worn)
 y - a +0 pair of gloves (worn)
Jewellery
 m - a ring of flight (right hand)
 n - an amulet of regeneration (around neck)
 o - a ring of willpower (left hand)
 u - an amulet of magic regeneration
Wands
 w - a wand of mindburst (10)
 B - a wand of iceblast (8)
Scrolls
 b - 2 scrolls of identify
 d - a scroll of enchant weapon {unknown}
 i - a scroll of teleportation {unknown}
 k - 2 scrolls of amnesia
 r - a scroll of blinking {unknown}
 t - 2 scrolls of immolation {unknown}
 A - a scroll of summoning {unknown}
Potions
 e - 2 potions of curing
 g - a potion of attraction
 h - a potion of heal wounds {unknown}
 j - 2 potions of lignification
 q - a potion of brilliance {unknown}
 v - a potion of haste
 x - a potion of cancellation {unknown}
 z - a potion of resistance {unknown}


   Skills:
 + Level 4.3 Fighting
 + Level 4.8 Long Blades
 * Level 2.2 Throwing
 * Level 4.0 Armour
 + Level 3.3 Dodging
 + Level 2.2 Stealth
 * Level 2.5 Unarmed Combat
 * Level 2.2 Evocations


You had 6 spell levels left.
You didn't know any spells.
Your spell library contained the following spells:

 Spells                   Type           Power      Damage    Failure   Level
 Freeze                   Ice            0%         1d3       100%        1
 Blink                    Tloc           N/A        N/A       100%        2
 Corpse Rot               Necr/Air       N/A        N/A       100%        2
 Passwall                 Tmut/Erth      0%         N/A       100%        2
 Poisonous Vapours        Pois/Air       0%         N/A       100%        2
 Frozen Ramparts          Ice            0%         1d2       100%        3
 Lesser Beckoning         Tloc           0%         N/A       100%        3
 Swiftness                Air            0%         N/A       100%        3
 Hailstorm                Conj/Ice       0%         3d3       100%        4
 Iskenderun's Battlesphe  Conj           0%         2d6       100%        5
 Manifold Assault         Tloc           0%         N/A       100%        5
 Invisibility             Hex            0%         N/A       100%        6
 Iron Shot                Conj/Erth      0%         9d1       100%        6
 Spellforged Servitor     Conj/Summ      0%         N/A       100%        7


Dungeon Overview and Level Annotations

Branches:
Dungeon (6/15)             Temple (1/1) D:5

Altars:
Ashenzari
Cheibriados
Dithmenos
Elyvilon
Fedhas
Hepliaklqana
Kikubaaqudgha
Makhleb
Nemelex Xobeh
Okawaru
Qazlal
Ru
Trog
Uskayaw
Vehumet
Wu Jian
Xom
Yredelemnul
The Shining One

Shops:
D:5 =?


Innate Abilities, Weirdness & Mutations

You have hoof-like feet.
You are partially covered in slimy green scales. (AC +2)


Message History

The centaur zombie kicks you but does no damage.
Unknown command.
You hit the centaur zombie. You kick the centaur zombie.
The centaur zombie is severely damaged.
The centaur zombie barely misses you. The centaur zombie closely misses you.
Unknown command.
You hit the centaur zombie but do no damage.
You kick the centaur zombie.
The centaur zombie is severely damaged.
The centaur zombie hits you but does no damage.
The centaur zombie kicks you but does no damage.
The centaur zombie barely misses you.
The centaur zombie kicks you but does no damage.
You hit the centaur zombie. You kick the centaur zombie.
You destroy the centaur zombie!
Your Armour skill increases to level 4!
Unknown command.
Found an escape hatch in the ceiling.
There is a stone staircase leading up here.
Things that are here:
a +0 shortbow; 14 arrows; a centaur corpse An ogre comes into view.
It is wielding a +0 giant spiked club.
The ogre shouts!
An ogre is nearby!
You hit the ogre. Your kick misses the ogre.
The ogre is lightly wounded.
The ogre hits you with a +0 giant spiked club!
You barely miss the ogre.
The ogre is lightly wounded.
The ogre hits you with a +0 giant spiked club!
You hit the ogre. You kick the ogre.
The ogre is lightly wounded.
You slash the ogre! You kick the ogre, but do no damage.
The ogre is heavily wounded.
The ogre hits you with a +0 giant spiked club!
Your chain mail prevents you from hitting the ogre.
You kick the ogre.
The ogre is heavily wounded.
The ogre hits you with a +0 giant spiked club!!
You die...

..#........'....#......
..#........#....#......
..#........#.(..#......
..#........#....#......
.###...............# #
.# #.###########...##.#
.. .. ... #.......
.....# # #......#
.....#.# #@O...#.
#..#.#!# #...##..
#..#.#. #..## #. .....#
.#..# .....# #.#..#
.....# . #..# ##...# ##
#.## #...# ##..########


You could see an ogre.

Vanquished Creatures
  An ogre (D:4)
  2 centaurs (D:5)
  3 scorpions (D:4)
  A water moccasin skeleton (D:4)
  A jelly (D:5)
  A bullfrog zombie (D:5)
  A centaur zombie (D:5)
  A gnoll shaman (D:4)
  2 bullfrog skeletons
  An iguana (D:4)
  A hound skeleton (D:4)
  4 adders
  14 gnolls
  2 white imps (D:5)
  2 adder skeletons
  A worm (D:3)
  A dart slug (D:2)
  7 orcs
  2 endoplasms
  2 giant cockroaches (D:1)
  7 hobgoblins
  6 jackals
  5 quokkas
  6 ball pythons
  5 frilled lizards
  5 kobolds
  5 rats
89 creatures vanquished.

Notes
Turn   | Place    | Note
-------+----------+-------------------------------------------
     0 | D:1      | mg7810 the Demonspawn Monk began the quest for the Orb.
     0 | D:1      | Reached XP level 1. HP: 18/18 MP: 1/1
   399 | D:1      | Gained mutation: You are partially covered in slimy green
                  | scales. (AC +2) [demonic ancestry]
   399 | D:1      | Reached XP level 2. HP: 24/24 MP: 2/2
  1243 | D:2      | Found a faded altar of an unknown god.
  1616 | D:3      | Gained mutation: You have large cloven feet. [demonic
                  | ancestry]
  1616 | D:3      | Reached XP level 3. HP: 29/29 MP: 3/3
  1865 | D:3      | Reached XP level 4. HP: 35/35 MP: 4/4
  1922 | D:3      | Reached skill level 1 in Throwing
  2036 | D:3      | Found a bloodstained altar of Trog.
  2083 | D:3      | Reached skill level 1 in Armour
  2142 | D:3      | Reached skill level 1 in Unarmed Combat
  2574 | D:4      | Reached XP level 5. HP: 40/41 MP: 5/5
  2801 | D:4      | Reached XP level 6. HP: 9/48 MP: 6/6
  3271 | D:4      | Reached skill level 1 in Evocations
  3352 | D:4      | Gained mutation: You have hoof-like feet. [demonic
                  | ancestry]
  3352 | D:4      | Reached XP level 7. HP: 42/54 MP: 7/7
  3604 | D:5      | Entered Level 5 of the Dungeon
  3639 | D:5      | Found Qohinozarch's Jewellery Boutique.
  3824 | D:5      | Found Foewnima's Magic Scroll Shoppe.
  3915 | D:5      | Found a staircase to the Ecumenical Temple.
  3935 | Temple   | Entered the Ecumenical Temple
  4146 | D:5      | Slain by an ogre

Illustrated notes

Levels and vault maps discovered:
D:1:      dpeg_arrival_round_c, layout_basic
D:2:      layout_basic, hellmonk_ecumenical_altar_crossroads
D:3:      layout_basic, trog_butcher_becter
D:4:      layout_basic
D:5:      layout_gridville, minmay_temple_entry_slanted, serial_shops,
          nicolae_take_the_stairs, nicolae_diamond_shop,
          nicolae_shop_statue_plus, kennysheep_mini, nicolae_inconvenience_store
D:6:      layout_rooms, nrook_mini_vaults, uniq_pikel
Temple:   nicolae_temple_no_exploring_needed

Skill      XL: |  1  2  3  4  5  6  7 |
---------------+----------------------+-----
Dodging        | 3 |  3.3
Long Blades    | 3 4 |  4.8
Stealth        | 2 |  2.2
Throwing       | 1 2 |  2.2
Armour         | 1 2 3 4 |  4.0
Unarmed Combat | 1 2 |  2.5
Evocations     | 1 2 |  2.2
Fighting       | 4 |  4.3

Action                   |  1- 3 |  4- 6 |  7- 9 || total
-------------------------+-------+-------+-------++-------
Melee: Falchion          |   122 |   177 |   134 ||   433
       Kick              |    11 |    59 |    44 ||   114
       Punch             |       |     2 |       ||     2
Throw: Boomerang         |       |     5 |       ||     5
Evoke: Wand              |       |     3 |     2 ||     5
  Use: Scroll            |     3 |     1 |       ||     4
       Potion            |       |     1 |     3 ||     4
 Stab: Sleeping          |     4 |       |       ||     4
Armor: Robe              |    18 |       |       ||    18
       Ring mail         |    17 |     5 |       ||    22
       Chain mail        |       |   121 |   130 ||   251
Dodge: Dodged            |    92 |    62 |    67 ||   221

Table legend: (Time is in decaauts)
 A = Elapsed time spent in this place.
 B = Non-inter-level travel time spent in this place.
 C = Inter-level travel time spent in this place.
 D = Time resting spent in this place.
 E = Time spent auto-exploring this place.
 F = Levels seen in this place.
 G = Mean time per level.
                   A        B        C        D        E       F      G
               +--------+--------+--------+--------+--------+-----+--------+
         Total |   4169 |   4028 |    141 |      0 |   2802 |   7 |  595.6 |
       Dungeon |   4160 |   4019 |    141 |      0 |   2796 |   6 |  693.3 |
        Temple |      9 |      9 |      0 |      0 |      6 |   1 |    9.0 |
               +--------+--------+--------+--------+--------+-----+--------+

Top non-repeatable levels by time:
     D:4: 1073 daAuts
     D:3: 1054 daAuts
     D:1: 962 daAuts
     D:2: 540 daAuts
     D:5: 516 daAuts
     D:6: 12 daAuts
  Temple: 9 daAuts
